 Dungeon Crawl Stone Soup version 0.29.1-12-g30fa7ad0bf (webtiles) character file.

Game seed: 269203153102360700

1597 GigaChad the Cleaver (level 8, -7/70 (71) HPs)
             Began as a Minotaur Fighter on Dec 12, 2022.
             Was a Priest of Ru.
             Mangled by a gnoll sergeant
             ... wielding a +0 spear
              (8 damage)
             ... on level 8 of the Dungeon.
             The game lasted 00:10:20 (5624 turns).

GigaChad the Cleaver (Minotaur Fighter)             Turns: 5624, Time: 00:10:20

HP:   -7/70 (71)    AC: 12    Str: 23    XL:     8   Next: 62%
MP:   0/7           EV:  8    Int:  5    God:    Ru [***...]
Gold: 473           SH:  5    Dex: 10    Spells: 7/7 levels left

rFire   x . .      SeeInvis .   a - +0 war axe
rCold   x . .      Faith    .   c - +0 buckler
rNeg    . . .      Spirit   +   o - +0 chain mail
rPois   .          Reflect  .   t - +2 hat
rElec   .          Harm     .   (no cloak)
rCorr   .          Rampage  .   (no gloves)
Will    .....                   (no boots)
Stlth   ..........              s - amulet of guardian spirit
HPRegen 0.21/turn               (no ring)
MPRegen 0.10/turn               (no ring)

@: lightly drained
A: horns 2, no air magic, no summoning magic, no transmutations magic,
temperature sensitive, retaliatory headbutt
a: Renounce Religion, Draw Out Power


You were on level 8 of the Dungeon.
You worshipped Ru.
Ru was most pleased with you.
You visited 2 branches of the dungeon, and saw 8 of its levels.

You collected 473 gold pieces.

Inventory:

Hand Weapons
 a - a +0 war axe (weapon)
Armour
 b - a +0 scale mail
 c - a +0 buckler (worn)
 o - a +0 chain mail (worn)
 t - a +2 hat (worn)
Jewellery
 s - an amulet of guardian spirit (around neck)
Wands
 h - a wand of quicksilver (11)
 m - a wand of roots (5)
Scrolls
 e - 2 scrolls of immolation
 f - 2 scrolls of identify
 g - a scroll of noise
 j - a scroll of enchant armour
 k - 2 scrolls of teleportation
 r - a scroll of blinking
 w - 2 scrolls of fog
 y - a scroll of fear
Potions
 d - 2 potions of might
 i - 2 potions of heal wounds {unknown}
 l - a potion of degeneration {unknown}
 n - 6 potions of curing
 p - 3 potions of lignification {unknown}
 q - a potion of attraction {unknown}
 u - 2 potions of brilliance {unknown}
 v - a potion of mutation {unknown}
 x - a potion of magic {unknown}


   Skills:
 + Level 6.4 Fighting
 + Level 8.7 Axes
 + Level 7.6 Armour
 + Level 2.1 Dodging
 + Level 0.8 Stealth
 + Level 5.5 Shields


You had 7 spell levels left.
You didn't know any spells.
Your spell library contained the following spells:

 Spells                   Type           Power      Damage    Failure   Level
 Magic Dart               Conj           0%         1d3       99%         1
 Blink                    Tloc           0%         N/A       100%        2
 Ensorcelled Hibernation  Hex/Ice        0%         N/A       100%        2
 Lesser Beckoning         Tloc           0%         N/A       100%        3
 Olgreb's Toxic Radiance  Pois           0%         N/A       100%        4
 Manifold Assault         Tloc           0%         N/A       100%        5
 Sting                    Tmut/Pois      Unusable   1d3       N/A         1
 Call Imp                 Summ           Unusable   N/A       N/A         2
 Passwall                 Tmut/Erth      Unusable   N/A       N/A         2
 Poisonous Vapours        Pois/Air       Unusable   N/A       N/A         2
 Mephitic Cloud           Conj/Pois/Air  Unusable   N/A       N/A         3
 Swiftness                Air            Unusable   N/A       N/A         3

Dungeon Overview and Level Annotations

Branches:
Dungeon (6/15)             Temple (1/1) D:6

Altars:
Ashenzari
Cheibriados
Dithmenos
Elyvilon
Fedhas
Gozag
Hepliaklqana
Kikubaaqudgha
Makhleb
Okawaru
Qazlal
Ru
Sif Muna
Trog
Wu Jian
Xom
Yredelemnul
Zin
The Shining One


Innate Abilities, Weirdness & Mutations

You have a pair of horns on your head.
You cannot study or cast Air magic.
You cannot study or cast Summoning magic.
You cannot study or cast Transmutations magic.
You are sensitive to extremes of temperature. (rF-, rC-)
You reflexively headbutt those who attack you in melee.


Message History

The wight hits you with a +0 mace.
You focus your inner power and slow the wight in retribution!
The gnoll sergeant hits you from afar with a +0 spear.
The wight closely misses you. You block the gnoll's attack.
You block the wight's attack.
The gnoll sergeant hits you from afar with a +0 spear!
The wight hits you but does no damage.
You slash the wight!
You destroy the wight!
The wight dissolves into shadows!
You barely miss the wight. You slash the gnoll!
The wight hits you with a +2 long sword.
The gnoll hits you with a +0 club.
The gnoll sergeant hits you from afar with a +0 spear.
The gnoll hits you but does no damage. The gnoll sergeant barely misses you.
An orc wizard comes into view. It is wielding a +0 dagger.
Found a scroll of noise.
The orc wizard shouts!
You hear a shout!
An orc priest comes into view. It is wielding a +0 hand axe.
You block the gnoll's attack. The gnoll sergeant closely misses you.
The orc priest shouts!
You slash the wight!
You destroy the wight!
The wight dissolves into shadows!
You barely miss the gnoll.
The gnoll sergeant hits you from afar with a +0 spear.
You hit the gnoll.
You kill the gnoll!
The gnoll sergeant hits you from afar with a +0 spear!
The orc priest mumbles some strange prayers to Beogh against you.
Beogh smites you!
* * * LOW HITPOINT WARNING * * *
The gnoll sergeant hits you from afar with a +0 spear.
* * * LOW HITPOINT WARNING * * *
Things that are here:
a +0 club; 7 gold pieces; a gnoll corpse The gnoll sergeant hits you from afar with a +0 spear.
* * * LOW HITPOINT WARNING * * *
You block the gnoll sergeant's attack.
The gnoll sergeant hits you from afar with a +0 spear!
You die...

# #. ##.###
#....# .
#..#.####..#
#. #........
#..#..###.##
#..#@.#g....
#.....#gz.?.
##..#..gzz...
##...#).#Fg...
#.......#g....
#.###.### #.##
#.


?oo 8.. # #..⌠ .. ...⌠⌠ You could see a gnoll sergeant, a bullfrog, a wight
(summoned), an orc priest and 2 gnolls.

Vanquished Creatures
  An orc warrior (D:5)
  An ice beast (D:5)
  A black bear (D:5)
  2 ogres
  A bullfrog (D:5)
  A necrophage (D:5)
  3 scorpions
  A howler monkey (D:5)
  4 jellies (D:5)
  5 hounds
  An orc priest (D:4)
  7 iguanas
  5 orc wizards (D:6)
  2 gnolls
  12 adders
  A white imp (D:6)
  2 worms
  4 dart slugs
  10 orcs (D:4)
  7 bats
  5 endoplasms
  3 giant cockroaches
  9 goblins
  7 hobgoblins
  4 jackals (D:1)
  4 quokkas
  4 ball pythons
  A frilled lizard (D:2)
  5 kobolds
  2 rats
115 creatures vanquished.

Vanquished Creatures (others)
  3 toadstools (D:5)
3 creatures vanquished.

Grand Total: 118 creatures vanquished

Notes
Turn   | Place    | Note
-------+----------+-------------------------------------------
     0 | D:1      | GigaChad the Minotaur Fighter began the quest for the Orb.
     0 | D:1      | Reached XP level 1. HP: 19/19 MP: 0/0
    53 | D:1      | Found a faded altar of an unknown god.
    78 | D:1      | Prayed at the altar of an unknown god.
    78 | D:1      | Became a worshipper of Ru the Awakened
   235 | D:1      | Gained mutation: You cannot study or cast Air magic. [Ru
                  | sacrifice]
   235 | D:1      | Gained mutation: You cannot study or cast Transmutations
                  | magic. [Ru sacrifice]
   235 | D:1      | Gained mutation: You cannot study or cast Summoning magic.
                  | [Ru sacrifice]
   235 | D:1      | Reached * piety under Ru
   298 | D:1      | Reached XP level 2. HP: 27/27 MP: 1/1
  1190 | D:2      | Reached XP level 3. HP: 23/33 MP: 2/2
  1197 | D:2      | Reached skill level 3 in Axes
  1479 | D:2      | Reached XP level 4. HP: 40/40 MP: 3/3
  1854 | D:3      | Noticed an ogre
  1857 | D:3      | Killed an ogre
  1858 | D:3      | Reached skill level 4 in Axes
  1858 | D:3      | Reached XP level 5. HP: 32/46 MP: 4/4
  2300 | D:3      | Found an ancient bone altar of Kikubaaqudgha.
  2548 | D:3      | Gained mutation: You are sensitive to extremes of
                  | temperature. (rF-, rC-) [Ru sacrifice]
  2548 | D:3      | Reached ** piety under Ru
  2548 | D:3      | Reached *** piety under Ru
  2632 | D:4      | Reached skill level 5 in Armour
  2632 | D:4      | Reached skill level 1 in Dodging
  2659 | D:4      | Reached XP level 6. HP: 36/53 MP: 5/5
  2881 | D:4      | Reached skill level 5 in Axes
  3307 | D:5      | Entered Level 5 of the Dungeon
  3359 | D:5      | Reached skill level 5 in Fighting
  3625 | D:5      | Noticed an ice beast
  3631 | D:5      | Reached XP level 7. HP: 39/61 MP: 6/6
  3637 | D:5      | Reached skill level 6 in Axes
  3653 | D:5      | Reached skill level 5 in Shields
  4209 | D:5      | Reached skill level 7 in Axes
  4320 | D:5      | Reached XP level 8. HP: 59/70 MP: 5/7
  4542 | D:5      | Reached skill level 8 in Axes
  5351 | D:6      | Found a staircase to the Ecumenical Temple.
  5364 | Temple   | Entered the Ecumenical Temple
  5602 | D:6      | You fall into a shaft and drop 2 floors!
  5622 | D:8      | HP: 1/70 [gnoll sergeant/+0 spear (4)]
  5624 | D:8      | Mangled by a gnoll sergeant

Illustrated notes

Levels and vault maps discovered:
D:1:      lightli_arrival_quake, layout_basic, basic_ecumenical_altar
D:2:      layout_basic, chequers_serial_rivers_room_a
D:3:      layout_loops_cross, amcnicky_altar_gilded
D:4:      layout_rooms
D:5:      layout_cave_pools, minmay_gold_behind_fungi, nzn_random_ring
D:6:      minmay_flawed_box, layout_loops_ring,
          minmay_temple_entry_statues_fountains, corexii_checkpoint_a,
          minmay_parallelograms, hangedman_decor_slide_cut, uniq_grinder
D:8:      layout_loops_corners, mainiacjoe_overflow_big_doors,
          minmay_chambers_of_fives
Temple:   eino_narrow_crystal_temple

Skill      XL: |  1  2  3  4  5  6  7  8 |
---------------+-------------------------+-----
Fighting       | 4 5 6 |  6.4
Shields        | 4 5 |  5.5
Armour         | 4 5 6 7 |  7.6
Axes           | 3 4 5 7 8 |  8.7
Dodging        | 1 2 |  2.1
Stealth        | |  0.8

Action                   |  1- 3 |  4- 6 |  7- 9 || total
-------------------------+-------+-------+-------++-------
Melee: War axe           |    73 |    84 |   113 ||   270
       Headbutt          |    12 |    16 |    17 ||    45
Invok: Sacrifice Arcana  |     1 |       |       ||     1
       Sacrifice Resista |       |     1 |       ||     1
  Use: Scroll            |       |     3 |     7 ||    10
 Stab: Invisible         |       |       |     1 ||     1
Armor: Scale mail        |    79 |    18 |       ||    97
       Chain mail        |       |    41 |    65 ||   106
Dodge: Dodged            |    59 |    44 |    50 ||   153
Block: Buckler           |    31 |    25 |    25 ||    81
